 Dungeon Crawl Stone Soup version 0.23-a0-143-g1adec7b (webtiles) character file.

197 rayofluck the Skirmisher (level 5, -9/85 HPs)
             Began as an Ogre Berserker on Sept 5, 2018.
             Was a Believer of Trog.
             Mangled by a two-headed ogre
             ... wielding a +0 giant spiked club
              (20 damage)
             ... on level 4 of the Dungeon.
             The game lasted 00:19:09 (2999 turns).

rayofluck the Skirmisher (Ogre Berserker)           Turns: 2999, Time: 00:19:09

Health: -9/85      AC:  7    Str: 26 (27) XL:     5   Next: 75%
Magic:  5/5        EV: 10    Int:  7 (8)  God:    Trog [**....]
Gold:   166        SH:  0    Dex:  5 (8)  Spells: 4/4 levels left

rFire    . . .     SeeInvis .   l - +4 dagger (venom)
rCold    . . .     Gourm    .   (no shield)
rNeg     . . .     Faith    .   b - +0 animal skin
rPois    +         Spirit   .   h - +2 hat
rElec    .         Reflect  .   (no cloak)
rCorr    +         Harm     +   (gloves unavailable)
MR       +....                  (boots unavailable)
Stlth    ..........             d - amulet of harm
HPRegen  0.24/turn              e - ring of resist corrosion
MPRegen  0.09/turn              f - ring of protection from magic

@: berserking, very quick
A: large, unfitting armour, icy blue scales 1, blink, mutation resistance 1,
poison resistance, tough skin 1
a: Blink, Berserk, Trog's Hand, Renounce Religion


You were on level 4 of the Dungeon.
You worshipped Trog.
Trog was pleased with you.
You were hungry.

You visited 1 branch of the dungeon, and saw 4 of its levels.

You collected 166 gold pieces.

Inventory:

Hand Weapons
 a - a +1 falchion
 j - a +1 dagger of draining
 l - a +4 dagger of venom (weapon)
Missiles
 i - 2 throwing nets (quivered)
Armour
 b - a +0 animal skin (worn)
 h - a +2 hat (worn)
Jewellery
 d - an amulet of harm (around neck)
 e - a ring of resist corrosion (left hand)
 f - a ring of protection from magic (right hand)
 m - an uncursed ring of stealth {unknown}
 o - a +1 ring of protection
Scrolls
 g - 4 scrolls of teleportation
 k - a scroll of amnesia
 n - a scroll of blinking
 p - a scroll of remove curse {unknown}
 r - a scroll of immolation
Potions
 q - a potion of flight {unknown}
Comestibles
 c - 7 rations
 s - 3 chunks of flesh


   Skills:
 * Level 5.2 Fighting
 + Level 1.2(3.0) Short Blades
 * Level 4.4(4.5) Long Blades
 * Level 1.0 Armour
 + Level 3.0 Dodging
 + Level 0.4 Stealth


You had 4 spell levels left.
You didn't know any spells.
Your spell library was empty.

Dungeon Overview and Level Annotations

Branches:
Dungeon (4/15)
 Temple: D:4-7

Altars:
Ashenzari
Hepliaklqana


Innate Abilities, Weirdness & Mutations

You are too large for most types of armour.
You have tough skin. (AC +1)
You are partially covered in icy blue scales. (AC +2)
You can translocate small distances at will.
You are somewhat resistant to further mutation.
Your system is resistant to poisons. (rPois)


Message History

A two-headed ogre comes into view.
It is wielding a giant spiked club and a You hit the two-headed ogre.
The two-headed ogre is lightly wounded.
The two-headed ogre misses you.
The two-headed ogre hits you with a giant club!
A red film seems to cover your vision as you go berserk!
You feel yourself moving faster!
You feel mighty!
You are feeling hungry.
The two-headed ogre hits you with a giant spiked club!!
The two-headed ogre hits you with a giant club!
You puncture the two-headed ogre!
The two-headed ogre is moderately wounded.
You barely miss the two-headed ogre.
The two-headed ogre is moderately wounded.
You puncture the two-headed ogre!
The two-headed ogre is heavily wounded.
The two-headed ogre hits you with a giant spiked club!
* * * LOW HITPOINT WARNING * * *
The two-headed ogre hits you with a giant club!
You die...

#...##...#..........
#...##...#..........
#...##.>.###+#......
#........# #......
#........+ +..รท...
#...##...# #......
#...##...# #......
#..O#....###+#......
#..@#....#..........
#...#....#..........
#...#....#..........
#...#....#..........
#...#....#..........
#...#....#..........
######..............
############... ...


You could see a two-headed ogre.

Vanquished Creatures
  A crimson imp (D:3)
  An orc wizard (D:3)
  5 adders
  A worm (D:3)
  8 dart slugs
  4 leopard geckos
  11 orcs (D:3)
  A ball python (D:4)
  2 bats
  A giant cockroach (D:2)
  4 goblins
  4 hobgoblins (D:3)
  5 jackals
  7 frilled lizards
  3 kobolds
  7 rats
65 creatures vanquished.

Notes
Turn   | Place    | Note
-------+----------+-------------------------------------------
     0 | D:1      | rayofluck the Ogre Berserker began the quest for the Orb.
     0 | D:1      | Reached XP level 1. HP: 24/24 MP: 1/1
   194 | D:1      | Reached XP level 2. HP: 19/32 MP: 2/2
   897 | D:1      | Gained mutation: Scrolls take you a little longer to read.
                  | [potion of mutation]
   897 | D:1      | Gained mutation: You are partially covered in icy blue
                  | scales. (AC +2) [potion of mutation]
   897 | D:1      | Gained mutation: You can translocate small distances at
                  | will. [potion of mutation]
   897 | D:1      | Gained mutation: You are robust. (+10% HP) [potion of
                  | mutation]
   905 | D:1      | Lost mutation: You are robust. (+10% HP) [potion of
                  | mutation]
   905 | D:1      | Lost mutation: Scrolls take you a little longer to read.
                  | [potion of mutation]
   905 | D:1      | Gained mutation: You are somewhat resistant to further
                  | mutation. [potion of mutation]
   905 | D:1      | Gained mutation: Your system is resistant to poisons.
                  | (rPois) [potion of mutation]
   987 | D:2      | Reached XP level 3. HP: 20/40 MP: 3/3
  1470 | D:2      | Reached XP level 4. HP: 49/49 MP: 4/4
  1590 | D:2      | Reached ** piety under Trog
  1881 | D:3      | Found a hazy altar of Hepliaklqana.
  1935 | D:3      | Found a shattered altar of Ashenzari.
  2304 | D:3      | Reached skill level 5 in Fighting
  2304 | D:3      | Reached XP level 5. HP: 57/57 MP: 5/5
  2365 | D:3      | Reached skill level 1 in Short Blades
  2365 | D:3      | Reached skill level 1 in Armour
  2985 | D:4      | Noticed a two-headed ogre
  2999 | D:4      | Mangled by a two-headed ogre

Vault maps used:
D:1:      dpeg_arrival_three_same_balls
D:3:      overflow_temple_1_default, ashenzari_conservatory_becter,
          serial_forest, infiniplex_forest_clump_cross,
          infiniplex_forest_straight_4, infiniplex_forest_3_way,
          infiniplex_forest_straight_3, infiniplex_forest_split,
          infiniplex_forest_clump_C, infiniplex_forest_straight_4,
          infiniplex_forest_zigzag_1
D:4:      first_ration, minmay_hedge_maze

Skill      XL: |  1  2  3  4  5 |
---------------+----------------+-----
Long Blades    | 3 4 |  4.4
Fighting       | 5 |  5.2
Short Blades   | 1 |  1.2
Armour         | 1 |  1.0
Dodging        | 3 |  3.0
Stealth        | |  0.4

Action                   |  1- 3 |  4- 6 || total
-------------------------+-------+-------++-------
Melee: Falchion          |    58 |       ||    58
       Dagger            |     8 |   122 ||   130
Invok: Berserk           |       |     1 ||     1
  Use: Scroll            |     6 |     1 ||     7
       Potion            |     4 |     2 ||     6
  Eat: Chunk             |     2 |     5 ||     7
Armor: Animal skin       |    16 |    42 ||    58
Dodge: Dodged            |    35 |    42 ||    77
       Rpst.: Falchion   |     9 |       ||     9

Table legend:
 A = Non-vault XP
 B = Vault XP
 C = Vault XP percentage of total XP
 D = Non-vault monster count
 E = Vault monster count
 F = Vault count percentage of total count
                 A         B        C        D         E       F
            +---------+---------+-------+---------+---------+-------
      Total |     282 |       0 |   0.0 |      65 |       0 |   0.0
            +---------+---------+-------+---------+---------+-------
        D:1 |      22 |       0 |   0.0 |      10 |       0 |   0.0
        D:2 |      92 |       0 |   0.0 |      23 |       0 |   0.0
        D:3 |     166 |       0 |   0.0 |      31 |       0 |   0.0
        D:4 |       2 |       0 |   0.0 |       1 |       0 |   0.0
            +---------+---------+-------+---------+---------+-------
